 Dungeon Crawl Stone Soup version 0.27-a0-1200-g94dc6ad4cf (webtiles) character file.

Game seed: 8481466378762007441

1239 quinnr the Thaumaturge (level 8, -6/50 HPs)
             Began as a Djinni Ice Elementalist on May 31, 2021.
             Killed from afar by a white imp (12 damage)
             ... with a puff of frost
             ... on level 6 of the Dungeon.
             The game lasted 00:19:26 (6128 turns).

quinnr the Thaumaturge (Djinni Ice Elementalist)    Turns: 6128, Time: 00:19:26

Health: -6/50      AC:  6    Str:  7    XL:     8   Next: 78%
Gold:   83         EV: 12    Int: 18    God:
                   SH:  0    Dex: 15

rFire    + + .     SeeInvis .   h - +1 trident (vorpal)
rCold    x . .     Faith    .   (no shield)
rNeg     . . .     Spirit   .   a - +0 robe
rPois    ∞         Reflect  .   (no helmet)
rElec    .         Harm     .   n - +0 cloak
rCorr    .         Rampage  .   j - +2 pair of gloves
Will     .....                  (boots unavailable)
Stlth    ++........             (no amulet)
HPRegen  0.16/turn              (no ring)
MPRegen  0.00/turn              (no ring)

@: flying
A: sickness immunity, fire resistance 2, cold vulnerability 1, float, innate
caster, hp casting, extra vitality 1
a: no special abilities


You were on level 6 of the Dungeon.
You visited 2 branches of the dungeon, and saw 6 of its levels.

You collected 173 gold pieces.
You spent 90 gold pieces at shops.

Inventory:

Hand Weapons
 f - a +3 dagger
 h - a +1 vorpal trident (weapon)
Missiles
 g - 149 stones
 u - 7 curare-tipped darts
Armour
 a - a +0 robe (worn)
 j - a +2 pair of gloves (worn)
 n - a +0 cloak (worn)
Jewellery
 c - a +6 ring of strength
 l - a ring of ice
Scrolls
 k - 2 scrolls of noise
 m - a scroll of enchant weapon {unknown}
 o - a scroll of magic mapping {unknown}
 s - a scroll of fog {unknown}
 t - 2 scrolls of blinking
Potions
 b - 2 potions of heal wounds
 d - a potion of magic
 e - 2 potions of curing
 i - 2 potions of haste
 p - a potion of brilliance {unknown}
 q - a potion of might {unknown}


   Skills:
 - Level 2.1 Dodging
 - Level 1.5 Stealth
 + Level 8.4 Spellcasting


You had 2 spell levels left.
You knew the following spells:

 Your Spells              Type           Power      Damage    Failure   Level
a - Freeze                Ice            100%       1d11      1%          1
b - Frozen Ramparts       Ice            74%        1d9       1%          3
c - Ozocubu's Armour      Ice            37%        N/A       1%          3
d - Hailstorm             Conj/Ice       37%        3d9       3%          4
e - Metabolic Englaciati  Hex/Ice        18%        N/A       9%          5
f - Foxfire               Conj/Fire      100%       2x1d9     1%          1
g - Searing Ray           Conj           74%        3d6       1%          2
h - Ensorcelled Hibernat  Hex/Ice        74%        N/A       1%          2
Your spell library was empty.

Dungeon Overview and Level Annotations

Branches:
Dungeon (4/15)             Temple (1/1) D:4

Altars:
Ashenzari
Cheibriados
Dithmenos
Fedhas
Gozag
Hepliaklqana
Kikubaaqudgha
Okawaru
Qazlal
Ru
Sif Muna
Uskayaw
Wu Jian
Zin

Shops:
D:3 [


Innate Abilities, Weirdness & Mutations

You are immune to sickness and miasma.
You are immune to poison.
Your flesh is very heat resistant. (rF++)
You are vulnerable to cold. (rC-)
You float through the air rather than walking.
You learn spells naturally, not from books.
Your magical power is your life essence.
You have superior vitality. (+4 HP)


Message History

* * * LOW HITPOINT WARNING * * *
The centaur barely misses you.
The centaur hits you but does no damage.
The centaur kicks you but does no damage.
Unknown command.
Casting: Ensorcelled Hibernation (safe; 1% risk of failure)
Confirm with . or Enter, or press ? or * to list all spells.
Aiming: Freeze (safe; 1% risk of failure)
Press: ? - help, Shift-Dir - straight line, f - centaur
Aim: a centaur, quivering arrows (heavily wounded)
You freeze the centaur!
The centaur is severely wounded.
* * * LOW HITPOINT WARNING * * *
The centaur hits you but does no damage.
The centaur barely misses you.
Casting: Freeze (safe; 1% risk of failure)
Confirm with . or Enter, or press ? or * to list all spells.
Aiming: Freeze (safe; 1% risk of failure)
Press: ? - help, Shift-Dir - straight line, f/p - centaur
Aim: a centaur, quivering arrows (severely wounded)
You freeze the centaur!
You kill the centaur!
You hear a splash. x2
* * * LOW HITPOINT WARNING * * *
The white imp gestures at you. The puff of frost misses you.
Casting: Freeze (safe; 1% risk of failure)
Confirm with . or Enter, or press ? or * to list all spells.
Okay, then.
Unknown command.
Casting: Freeze (safe; 1% risk of failure)
Confirm with . or Enter, or press ? or * to list all spells.
You conjure some foxfire!
* * * LOW HITPOINT WARNING * * *
Unknown command.
The foxfire hits the white imp!
The white imp is burned terribly!
The white imp is almost dead.
The white imp gestures at you. The puff of frost hits you!
You feel a terrible chill!
You die...

#.#.###...# #.....#+####
###'###...# #.....#.#
.....##...# #.......#
##...##...# ######..#
#...##...# ###..#
#...###### #....# #...#
##.##.# #...#
######..##.# #####
##@§.5'..##.#####
#v#####.###.....#
#c...≈##;;;#####.###.#
#.######≈≈?≈≈#.....##.###
#### #;
#≈.)≈$#.....##.##. ...#
#≈ #)P.P.#...>.##.##.
##.# # #PP.P≈#........##†
#.#####
#.....####......+.
#.#...# #....###.


You could see 2 electric eels and a white imp (ally target).

Vanquished Creatures
  Sigmund (D:4)
  Purgy (D:4)
  2 black bears
  A necrophage (D:6)
  A centaur (D:6)
  A wyvern zombie (D:6)
  2 scorpions (D:4)
  4 wights (D:6)
  A hound (D:6)
  A gnoll shaman (D:6)
  An iguana (D:4)
  3 gnolls (D:6)
  2 river rats (D:3)
  7 adders
  2 adder skeletons (D:4)
  2 worms
  A dart slug (D:2)
  4 orcs (D:4)
  9 endoplasms
  9 giant cockroaches
  6 goblins
  12 hobgoblins
  5 jackals
  3 quokkas
  3 ball pythons
  5 bats
  6 frilled lizards
  6 kobolds
  4 rats
105 creatures vanquished.

Vanquished Creatures (others)
  108 foxfires
108 creatures vanquished.

Grand Total: 213 creatures vanquished

Notes
Turn   | Place    | Note
-------+----------+-------------------------------------------
     0 | D:1      | quinnr the Djinni Ice Elementalist began the quest for the
                  | Orb.
     0 | D:1      | Reached XP level 1. HP: 15/15 MP: 0/0
   446 | D:1      | Reached XP level 2. HP: 17/21 MP: 0/0
   953 | D:1      | Reached XP level 3. HP: 24/25 MP: 0/0
   953 | D:1      | Learned a level 1 spell: Foxfire
  1141 | D:1      | Reached skill level 4 in Spellcasting
  1429 | D:2      | Found a faded altar of an unknown god.
  1919 | D:2      | Reached XP level 4. HP: 28/31 MP: 0/0
  3081 | D:3      | Found Orok's Antique Armour Shop.
  3091 | D:3      | Reached XP level 5. HP: 31/35 MP: 0/0
  3091 | D:3      | Learned a level 2 spell: Searing Ray
  3650 | D:3      | Reached skill level 5 in Spellcasting
  3831 | D:3      | Bought a cloak for 90 gold pieces
  4074 | D:4      | Noticed Sigmund
  4080 | D:4      | Killed Sigmund
  4081 | D:4      | Reached XP level 6. HP: 30/40 MP: 0/0
  4169 | D:4      | Noticed a black bear
  4188 | D:3      | Killed a black bear
  4189 | D:3      | Reached skill level 6 in Spellcasting
  4189 | D:3      | Reached XP level 7. HP: 24/45 MP: 0/0
  4189 | D:3      | Learned a level 2 spell: Ensorcelled Hibernation
  4667 | D:4      | Noticed Purgy
  4835 | D:4      | Killed Purgy
  4967 | D:4      | Reached skill level 7 in Spellcasting
  5030 | D:4      | Found a staircase to the Ecumenical Temple.
  5075 | Temple   | Entered the Ecumenical Temple
  5166 | D:4      | Found a hazy altar of Hepliaklqana.
  5170 | D:4      | Found a stormy altar of Qazlal.
  5177 | D:4      | Found an ornate altar of the Wu Jian Council.
  5178 | D:4      | Found a broken altar of Ashenzari.
  5219 | D:4      | You are sucked into a shaft and drop 2 floors!
  5305 | D:6      | Reached XP level 8. HP: 43/50 MP: 0/0
  5545 | D:6      | Found a hide-covered altar of Uskayaw.
  5805 | D:6      | Reached skill level 8 in Spellcasting
  6128 | D:6      | Killed from afar by a white imp

Illustrated notes

Levels and vault maps discovered:
D:1:      dpeg_arrival_stone_temple_mockup, layout_loops_ring, minmay_3d_cube
D:2:      layout_loops_corners, shapermc_ecumenical_altar_venn
D:3:      layout_basic, serial_shops, shop, portal_sewer_entry_b,
          chequers_avenue, minmay_misc_feat_more_columns,
          chequers_serial_rivers_small_3
D:4:      layout_cave_pools, grunt_temple_overflow_open,
          minmay_temple_entry_stoned_glass, uniq_sigmund, uniq_purgy
D:6:      cheibrodos_two_vegetables, layout_basic, nicolae_uskayaw_dance_hall
Temple:   dpeg_three_leaves_temple

Skill      XL: |  1  2  3  4  5  6  7  8 |
---------------+-------------------------+-----
Spellcasting   | 4 5 6 7 8 |  8.4
Dodging        | |  2.1
Stealth        | |  1.5

Action                   |  1- 3 |  4- 6 |  7- 9 || total
-------------------------+-------+-------+-------++-------
Melee: Trident           |       |     1 |       ||     1
 Cast: Freeze            |    54 |    35 |    14 ||   103
       Foxfire           |       |    11 |    52 ||    63
       Searing Ray       |       |     7 |     7 ||    14
       Frozen Ramparts   |       |     4 |    11 ||    15
       Ozocubu's Armour  |       |     1 |     1 ||     2
       Hailstorm         |       |       |     3 ||     3
       Ensorcelled Hiber |       |       |     1 ||     1
  Use: Scroll            |       |       |     7 ||     7
       Potion            |       |       |     2 ||     2
 Stab: Sleeping          |       |     1 |       ||     1
Armor: Robe              |     3 |     9 |    18 ||    30
Dodge: Dodged            |    21 |    12 |    20 ||    53

Table legend: (Time is in decaauts)
 A = Elapsed time spent in this place.
 B = Non-inter-level travel time spent in this place.
 C = Inter-level travel time spent in this place.
 D = Time resting spent in this place.
 E = Time spent auto-exploring this place.
 F = Levels seen in this place.
 G = Mean time per level.
                   A        B        C        D        E       F      G
               +--------+--------+--------+--------+--------+-----+--------+
         Total |   6130 |   5907 |    223 |    947 |   4067 |   6 | 1021.7 |
       Dungeon |   6048 |   5838 |    210 |    947 |   4002 |   5 | 1209.6 |
        Temple |     81 |     68 |     13 |      0 |     65 |   1 |   81.0 |
               +--------+--------+--------+--------+--------+-----+--------+

Top non-repeatable levels by time:
     D:2: 1485 daAuts
     D:1: 1453 daAuts
     D:3: 1308 daAuts
     D:6: 908 daAuts
     D:4: 893 daAuts
  Temple: 81 daAuts
